 Dungeon Crawl Stone Soup version 0.30-a0-457-g4b7bca3bfa (webtiles) character file.

Game seed: 16699591311336827111

6858 Jackthecabe the Destroyer (level 10, -3/77 (78) HPs)
             Began as a Demigod Conjurer on Dec 12, 2022.
             Slain by Erolcha
             ... wielding a +0 giant spiked club
              (10 damage)
             ... on level 9 of the Dungeon.
             The game lasted 00:27:41 (11532 turns).

Jackthecabe the Destroyer (Demigod Conjurer)       Turns: 11532, Time: 00:27:41

HP:   -3/77 (78)    AC:  8    Str: 14    XL:     10   Next: 49%
MP:   4/28          EV: 16    Int: 35    God:
Gold: 501           SH:  5    Dex: 15    Spells: 5/17 levels left

rFire   . . .      SeeInvis .    (no weapon)
rCold   . . .      Faith    .    (no shield)
rNeg    . . .      Spirit   .    F - +2 robe of the Gnashing Gods {Will++ Str+6}
rPois   .          Reflect  +    r - +0 helmet
rElec   .          Harm     .    e - +0 cloak
rCorr   .          Rampage  .    h - +0 pair of gloves
Will    ++++.                    y - +0 pair of boots
Stlth   ++........               A - amulet "Ujol" {Reflect +Inv MP+9 Int+3 Dex+3 SH+5}
HPRegen 0.32/turn                W - ring of willpower
MPRegen 0.21/turn                E - +4 ring of evasion

@: hasted, lightly drained, very quick
A: high MP 1, forlorn, divine attributes
a: Evoke Invisibility


You were on level 9 of the Dungeon.
You visited 1 branch of the dungeon, and saw 9 of its levels.

You collected 591 gold pieces.
You spent 90 gold pieces at shops.


Innate Abilities, Weirdness & Mutations

You have an increased reservoir of magic. (+10% MP)
You shall have no god before yourself.
Your divine heritage dramatically boosts your attributes as you level up.


   Skills:
 + Level 4.0 Fighting
 - Level 1.7 Dodging
 - Level 1.7 Stealth
 - Level 4.1 Spellcasting
 - Level 10.0 Conjurations
 - Level 6.0 Hexes
 - Level 8.0 Air Magic
 - Level 3.0 Evocations


You had 5 spell levels left.
You knew the following spells:

 Your Spells              Type           Power      Damage    Failure   Level
f - Fulminant Prism       Conj/Hex       29%        3d14      1%          4
l - Lightning Bolt        Conj/Air       31%        1d48      3%          5
m - Magic Dart            Conj           100%       1d8       1%          1
s - Searing Ray           Conj           100%       2d8       1%          2

Your spell library contained the following spells:

 Spells                   Type           Power      Damage    Failure   Level
 Momentum Strike          Conj/Tloc      84%        3d10      1%          2
 Static Discharge         Conj/Air       100%       2-7/arc   1%          2
 Dazzling Flash           Conj/Hex       100%       N/A       1%          3
 Vhi's Electric Charge    Tloc/Air       70%        N/A       2%          3
 Arcjolt                  Conj/Air       31%        1d41      3%          5
 Iskenderun's Mystic Bla  Conj/Tloc      42%        2d10      6%          4
 Sticky Flame             Conj/Fire      42%        2d6       6%          4
 Blink                    Tloc           14%        N/A       7%          2
 Ignite Poison            Fire/Tmut/Pois 7%         N/A       14%         3
 Lesser Beckoning         Tloc           14%        N/A       14%         3
 Ignition                 Fire           3%         3d4       100%        8

Inventory:

Armour
 e - a +0 cloak (worn)
 g - a +2 buckler
 h - a +0 pair of gloves (worn)
 r - a +0 helmet (worn)
 y - a +0 pair of boots (worn)
 B - +0 steam dragon scales
 F - the +2 robe of the Gnashing Gods (worn) {Will++ Str+6}
   (You found it on level 6 of the Dungeon)

   Str:       It affects your strength (+6).
   Will:      It greatly increases your willpower.
Jewellery
 c - a ring of protection from cold
 A - the amulet "Ujol" (around neck) {Reflect +Inv MP+9 Int+3 Dex+3 SH+5}
   (You found it on level 6 of the Dungeon)

   [amulet of reflection]

   It reflects blocked missile attacks.
   Int:       It affects your intelligence (+3).
   Dex:       It affects your dexterity (+3).
   MP:        It affects your magic capacity (+9).
   +Inv:      It lets you turn invisible.
   SH:        It affects your SH (+5).
 E - a +4 ring of evasion (right hand)
 W - a ring of willpower (left hand)
Wands
 a - a wand of roots (9)
 n - a wand of mindburst (16)
 o - a wand of flame (41)
Scrolls
 d - 11 scrolls of identify {unknown}
 f - 3 scrolls of enchant weapon {unknown}
 l - 2 scrolls of poison {unknown}
 m - 2 scrolls of fog {unknown}
 q - a scroll of amnesia {unknown}
 z - a scroll of immolation {unknown}
 C - 4 scrolls of teleportation {@r2}
Potions
 b - a potion of magic
 j - 6 potions of curing {@q1}
 k - 2 potions of lignification {unknown}
 p - 2 potions of heal wounds {unknown}
 s - 3 potions of berserk rage {!q}
 t - a potion of degeneration {unknown}
 u - 2 potions of attraction {unknown}
 v - a potion of mutation {unknown}
 w - a potion of might {unknown}
 x - a potion of brilliance {unknown}
 D - a potion of ambrosia {unknown}

Dungeon Overview and Level Annotations

Branches:
Dungeon (9/15)             Temple (0/1) D:6            Lair (0/5) D:8
    Orc: D:9-12

Shops:
D:8 ?*

Annotations:
D:2 Sigmund
D:7 Joseph
D:9 Erolcha

######...## #..###
........#### #....###
............# #......##
.............#
##........#
.............#
#..........
............##
##..#######.
............# ##....##
............# ##{.....#
............###.@.....#
..................##....#
....>............##
#..... ...........##....#
....▓ ...........#...<##
....▓ ................#
...▓ .................
..▓ ...).............#
..................


There were no monsters in sight!


Message History

Press: ? - help, Dir - move target You conjure a prism of explosive energy!
A fulminant prism comes into view.
Unknown command.
Your fulminant prism crackles loudly.
Unknown command.
Your fulminant prism explodes!
The blast of energy engulfs something!
Casting: Fulminant Prism (dangerous; 1% risk of failure)
Confirm with . or Enter, or press ? or * to list all spells.
Aiming: Fulminant Prism (dangerous; 1% risk of failure)
Press: ? - help, Dir - move target You conjure a prism of explosive energy!
A fulminant prism comes into view.
Something barely misses you.
Unknown command.
Something hits you.
Your fulminant prism crackles loudly.
Unknown command.
Your fulminant prism explodes!
The blast of energy engulfs something!!
Something barely misses you. Something hits you!!!
Ouch! That really hurt!
* * * LOW HITPOINT WARNING * * *
Unknown command.
Something hits you!!
* * * LOW HITPOINT WARNING * * *
You feel yourself speed up. Something hits you!
You die...

Skill      XL: |  1  2  3  4  5  6  7  8  9 10 |
---------------+-------------------------------+-----
Spellcasting   | 2 3 4 |  4.1
Conjurations   | 4 5 6 7 8 10 | 10.0
Hexes          | 2 4 6 |  6.0
Fighting       | 2 3 4 |  4.0
Air Magic      | 1 4 8 |  8.0
Evocations     | 3 |  3.0
Dodging        | |  1.7
Stealth        | |  1.7

Action                   |  1- 3 |  4- 6 |  7- 9 | 10-12 || total
-------------------------+-------+-------+-------+-------++-------
Melee: Unarmed           |       |       |    38 |    15 ||    53
       Punch             |       |       |     1 |       ||     1
 Cast: Magic Dart        |    85 |   121 |   156 |    58 ||   420
       Searing Ray       |     5 |     6 |    42 |    19 ||    72
       Fulminant Prism   |       |     2 |    11 |    18 ||    31
       Lightning Bolt    |       |       |     3 |     3 ||     6
Evoke: Wand              |       |       |     1 |       ||     1
  Use: Scroll            |       |       |     2 |       ||     2
       Potion            |       |       |     1 |     1 ||     2
Armor: Robe              |     3 |     1 |    23 |       ||    27
       Steam dragon scal |       |       |    16 |    16 ||    32
Dodge: Dodged            |    25 |    22 |   131 |    36 ||   214
Block: Other             |       |       |    28 |     7 ||    35
       Reflection        |       |       |     2 |     2 ||     4

Levels and vault maps discovered:
D:1:      psy_arrival_dodecagon, layout_basic,
          ebering_ecumenical_altar_abandoned, minmay_pentomino_w2
D:2:      layout_basic, basic_altar, uniq_sigmund, uniq_jessica
D:3:      layout_rooms
D:4:      layout_loops_cross, serial_forest, infiniplex_forest_clump_C,
          infiniplex_forest_lined_corner, infiniplex_forest_lined_room_3,
          infiniplex_forest_straight_2, infiniplex_forest_diagonal,
          infiniplex_forest_clump_tiny, infiniplex_forest_lined_4_way
D:5:      layout_basic, hex_large, minmay_fractal_squares_5
D:6:      nicolae_cairo_tiling_large, layout_gridville,
          minmay_temple_entry_mini_moons, dk_noncrumbling_2
D:7:      layout_rooms, uniq_joseph
D:8:      nzn_winding_woodlands_medium [nzn_winding_woodlands_5x5_cross,
          nzn_winding_woodlands_5x15_lazy_stream,
          nzn_winding_woodlands_5x5_perimeter,
          nzn_winding_woodlands_5x5_open_star,
          nzn_winding_woodlands_center_lodge, nzn_winding_woodlands_hourglass,
          nzn_winding_woodlands_5x5_default, nzn_winding_woodlands_5x15_jagged,
          nzn_winding_woodlands_5x5_default], layout_loops_ring,
          dpeg_oklobed_lair, serial_shops, shop, chequers_ossuary_entry_cave,
          nicolae_shop_fire_sale [nicolae_sub_dead_trees], minivault_23,
          serial_bayou_pond_d, minmay_misc_feat_five, uniq_maggie
D:9:      minmay_shrinking_squares, layout_layer_cave, uniq_erolcha

Notes
Turn   | Place    | Note
-------+----------+-------------------------------------------
     0 | D:1      | Jackthecabe the Demigod Conjurer began the quest for the
                  | Orb.
     0 | D:1      | Reached XP level 1. HP: 14/14 MP: 5/5
   255 | D:1      | Reached skill level 2 in Spellcasting
   832 | D:2      | Reached XP level 2. HP: 20/20 MP: 3/7
   966 | D:2      | Noticed Sigmund
  1066 | D:1      | Reached skill level 4 in Conjurations
  1069 | D:1      | Learned a level 2 spell: Searing Ray
  1400 | D:2      | Reached XP level 3. HP: 26/26 MP: 3/9
  1558 | D:2      | Noticed Jessica
  1559 | D:2      | Killed Jessica
  2123 | D:3      | Noticed a scorpion
  2129 | D:3      | Reached skill level 3 in Spellcasting
  2129 | D:3      | Reached XP level 4. HP: 33/33 MP: 3/11
  2130 | D:3      | Reached skill level 5 in Conjurations
  2235 | D:3      | Learned a level 4 spell: Fulminant Prism
  2326 | D:3      | Reached XP level 5. HP: 38/38 MP: 5/12
  2365 | D:3      | Reached skill level 1 in Hexes
  2726 | D:3      | Reached skill level 2 in Hexes
  2836 | D:3      | You fall into a shaft and drop 1 floor!
  3133 | D:4      | Noticed an ogre
  3154 | D:3      | Killed an ogre
  3155 | D:3      | Reached XP level 6. HP: 23/45 MP: 1/13
  3572 | D:4      | Reached skill level 6 in Conjurations
  3572 | D:4      | Reached skill level 3 in Hexes
  4411 | D:5      | Entered Level 5 of the Dungeon
  4498 | D:5      | Reached skill level 4 in Hexes
  4677 | D:5      | Reached XP level 7. HP: 37/50 MP: 5/14
  4764 | D:5      | Reached skill level 5 in Hexes
  5422 | D:4      | Reached skill level 6 in Hexes
  5427 | D:4      | Reached skill level 1 in Fighting
  5898 | D:6      | Reached skill level 2 in Fighting
  5952 | D:6      | Learned a level 5 spell: Lightning Bolt
  6295 | D:6      | Reached skill level 1 in Air Magic
  6452 | D:6      | Noticed a steam dragon
  6459 | D:6      | Killed a steam dragon
  6460 | D:6      | Reached XP level 8. HP: 62/62 MP: 3/15
  6796 | D:6      | Reached skill level 3 in Fighting
  6796 | D:6      | Reached skill level 2 in Air Magic
  6901 | D:6      | Found a staircase to the Ecumenical Temple.
  6945 | D:6      | Identified the amulet "Ujol" {Reflect +Inv MP+9 Int+3 Dex+3
                  | SH+5}
  7042 | D:6      | Identified the +2 robe of the Gnashing Gods {Will++ Str+6}
  7278 | D:6      | Reached skill level 7 in Conjurations
  7278 | D:6      | Reached skill level 3 in Air Magic
  7617 | D:7      | Reached skill level 4 in Air Magic
  7710 | D:7      | Noticed Joseph
  7890 | D:7      | Reached XP level 9. HP: 57/69 MP: 13/16
  7891 | D:7      | Reached skill level 8 in Conjurations
  7891 | D:7      | Reached skill level 5 in Air Magic
  8338 | D:8      | Noticed Maggie
  8343 | D:8      | Killed Maggie
  8344 | D:8      | Reached skill level 6 in Air Magic
  8547 | D:8      | Reached skill level 7 in Air Magic
  8763 | D:8      | Reached skill level 8 in Air Magic
  8803 | D:8      | HP: 3/69 [orc warrior/+0 long sword (7)]
  8982 | D:8      | Found Daifyz's Magic Scroll Boutique.
  8985 | D:8      | Bought a scroll of magic mapping for 90 gold pieces
  9028 | D:8      | Reached skill level 4 in Spellcasting
  9031 | D:8      | Reached skill level 1 in Evocations
  9052 | D:8      | Reached skill level 2 in Evocations
  9150 | D:8      | HP: 5/65 [poisoned by a water moccasin]
  9155 | D:8      | HP: 2/65 [poisoned by a water moccasin]
  9400 | D:8      | Reached skill level 3 in Evocations
  9400 | D:8      | Reached XP level 10. HP: 52/74 MP: 18/19
  9577 | D:8      | Found a staircase to the Lair.
 10156 | D:8      | Noticed a catoblepas
 10171 | D:8      | Killed a catoblepas
 10172 | D:8      | Reached skill level 9 in Conjurations
 10466 | D:8      | Found Defuakh's Fire Supplies.
 10747 | D:9      | Reached skill level 10 in Conjurations
 11159 | D:9      | Noticed a centaur warrior
 11290 | D:9      | Noticed Erolcha
 11517 | D:9      | Reached skill level 4 in Fighting
 11528 | D:9      | HP: 5/77 [something (21)]
 11532 | D:9      | Slain by Erolcha

Vanquished Creatures
  A catoblepas (D:8)
  A kobold demonologist (D:9)
  An efreet (D:8)
  Maggie (D:8)
  A slime creature (D:8)
  A wyvern (D:8)
  A yak (D:8)
  3 steam dragons
  4 vampire mosquitoes (D:7)
  An acid dragon (D:9)
  A water moccasin (D:8)
  2 black bears
  3 sky beasts
  5 orc warriors
  An ice beast (D:7)
  4 centaurs
  2 ogres
  A phantom (D:5)
  2 kobold brigands
  2 necrophages
  2 bullfrogs
  3 scorpions
  17 wights
  A killer bee (D:8)
  5 howler monkeys
  5 hounds
  2 jellies (D:5)
  5 orc priests
  Jessica (D:2)
  3 iguanas
  9 orc wizards
  8 gnolls
  4 adders
  A white imp (D:5)
  2 ufetubi
  2 worms
  2 dart slugs
  33 orcs
  5 endoplasms
  8 giant cockroaches
  8 goblins
  6 hobgoblins
  3 quokkas
  10 ball pythons
  4 bats
  2 frilled lizards (D:3)
  7 kobolds
  6 rats
  A fulminant prism (D:9)
203 creatures vanquished.

Vanquished Creatures (others)
  An orc (D:8)
  30 fulminant prisms
  6 fungi (D:8)
  23 plants
60 creatures vanquished.

Grand Total: 263 creatures vanquished

Table legend: (Time is in decaauts)
 A = Elapsed time spent in this place.
 B = Non-inter-level travel time spent in this place.
 C = Inter-level travel time spent in this place.
 D = Time resting spent in this place.
 E = Time spent auto-exploring this place.
 F = Levels seen in this place.
 G = Mean time per level.
                   A        B        C        D        E       F      G
               +--------+--------+--------+--------+--------+-----+--------+
         Total |  11554 |  11056 |    498 |   2550 |   6679 |   9 | 1283.8 |
       Dungeon |  11554 |  11056 |    498 |   2550 |   6679 |   9 | 1283.8 |
               +--------+--------+--------+--------+--------+-----+--------+

Top non-repeatable levels by time:
     D:8: 2759 daAuts
     D:6: 1599 daAuts
     D:3: 1524 daAuts
     D:4: 1294 daAuts
     D:1: 1125 daAuts
     D:5: 1116 daAuts
     D:7: 951 daAuts
     D:2: 804 daAuts
     D:9: 379 daAuts

Table legend:
 A = Non-vault XP
 B = Vault XP
 C = Vault XP percentage of total XP
 D = Non-vault monster count
 E = Vault monster count
 F = Vault count percentage of total count
                 A         B        C        D         E       F
            +---------+---------+-------+---------+---------+-------
      Total |    6620 |    3178 |  32.4 |     175 |      27 |  13.4
            +---------+---------+-------+---------+---------+-------
        D:1 |      28 |       1 |   3.4 |      11 |       1 |   8.3
        D:2 |      35 |      37 |  51.4 |      18 |       1 |   5.3
        D:3 |     450 |       0 |   0.0 |      30 |       0 |   0.0
        D:4 |     293 |       0 |   0.0 |      22 |       0 |   0.0
        D:5 |     416 |     181 |  30.3 |      13 |       6 |  31.6
        D:6 |     937 |       0 |   0.0 |      15 |       0 |   0.0
        D:7 |    1327 |       0 |   0.0 |      11 |       0 |   0.0
        D:8 |    1961 |    2959 |  60.1 |      38 |      19 |  33.3
        D:9 |    1173 |       0 |   0.0 |      17 |       0 |   0.0
            +---------+---------+-------+---------+---------+-------
